 Dungeon Crawl Stone Soup version 0.27.1-3-gb3d3a73c9e (webtiles) character file.

Game seed: 5294020687592010315

9 H0rd4k the Charlatan (level 2, -1/21 HPs)
             Began as a Human Artificer on Oct 15, 2021.
             Killed from afar by a dart slug (4 damage)
             ... with a slug dart
             ... on level 2 of the Dungeon.
             The game lasted 00:00:31 (284 turns).

H0rd4k the Charlatan (Human Artificer)               Turns: 284, Time: 00:00:31

Health: -1/21      AC:  3    Str: 12    XL:     2   Next: 20%
Magic:  2/2        EV: 11    Int: 11    God:
Gold:   0          SH:  0    Dex: 13    Spells: 1/1 levels left

rFire    . . .     SeeInvis .   f - +0 dagger
rCold    . . .     Faith    .   (no shield)
rNeg     . . .     Spirit   .   b - +0 leather armour
rPois    .         Reflect  .   (no helmet)
rElec    .         Harm     .   (no cloak)
rCorr    .         Rampage  .   (no gloves)
Will     .....                  (no boots)
Stlth    +.........             (no amulet)
HPRegen  0.07/turn              (no ring)
MPRegen  0.08/turn              (no ring)

@: no status effects
A: no striking features
a: no special abilities


You were on level 2 of the Dungeon.
You visited 1 branch of the dungeon, and saw 2 of its levels.

Inventory:

Hand Weapons
 f - a +0 dagger (weapon)
Armour
 b - a +0 leather armour (worn)
Wands
 c - a wand of flame (15) (quivered)
 d - a wand of charming (13)
Miscellaneous
 e - a piece from Xom's chessboard (15/15)


   Skills:
 + Level 1.0 Fighting
 - Level 2.0 Armour
 + Level 1.0 Dodging
 - Level 1.0 Stealth
 + Level 3.6 Evocations


You had one spell level left.
You didn't know any spells.
Your spell library was empty.

Dungeon Overview and Level Annotations

Branches:
Dungeon (2/15)

Altars:


Message History

You are frozen.
A hobgoblin comes into view.
You hit the endoplasm but do no damage. The endoplasm freezes you.
You are frozen.
You hit the endoplasm.
The endoplasm is heavily wounded.
The endoplasm freezes you.
You are frozen.
* * * LOW HITPOINT WARNING * * *
You hit the endoplasm.
You kill the endoplasm!
You barely miss the kobold. The kobold closely misses you.
Aiming: Charm
Press: ? - help, Shift-Dir - straight line, f - kobold
Aim: a kobold, wielding a +0 whip and quivering stones (chance to affect: 73%)
The kobold struggles to resist.
The kobold hits you with a +0 whip.
* * * LOW HITPOINT WARNING * * *
Aiming: Charm
Press: ? - help, Shift-Dir - straight line, f/p - kobold
Aim: a kobold, wielding a +0 whip and quivering stones (chance to affect: 73%)
The kobold is charmed.
Unknown command.
You swap places.
The hobgoblin hits your kobold.
Your kobold barely misses the hobgoblin.
What are your orders? t - Shout!
Orders for allies: a - Attack new target. p - Attack previous target. r - Retreat! s - Stop attacking. g - Guard the area. f - Follow me.
Anything else - Cancel.
Guard this area!
The hobgoblin hits your kobold.
Your kobold dies!
There is a stone staircase leading down here.
You climb downwards.
There is a stone staircase leading up here.
Found a scroll labelled EGHUFIOLOJ.
The dart slug launches a dart at you. The slug dart hits you.
You die...

#########
#.......#######
............?.#
#.......@.#
#.......#.###.#
#......<......#
#.............#
#####.........#
#.#+#....w# #.
###.... #g .##.
#. #


You could see a dart slug and a goblin (asleep).

Vanquished Creatures
  An endoplasm (D:1)
  A giant cockroach (D:1)
  A goblin (D:1)
  A hobgoblin (D:1)
  2 kobolds (D:1)
  A ball python (D:1)
7 creatures vanquished.

Vanquished Creatures (others)
  An endoplasm (D:1)
  A jackal (D:1)
  A kobold (D:1)
3 creatures vanquished.

Grand Total: 10 creatures vanquished

Notes
Turn   | Place    | Note
-------+----------+-------------------------------------------
     0 | D:1      | H0rd4k the Human Artificer began the quest for the Orb.
     0 | D:1      | Reached XP level 1. HP: 15/15 MP: 1/1
   229 | D:1      | Found a faded altar of an unknown god.
   236 | D:1      | Reached XP level 2. HP: 21/21 MP: 2/2
   259 | D:1      | HP: 1/21 [kobold (4)]
   284 | D:2      | Killed from afar by a dart slug

Illustrated notes

Levels and vault maps discovered:
D:1:      saegor_arrival_simple_d, layout_rooms, serial_shops, shop_fountains,
          basic_ecumenical_altar, minmay_misc_feat_nine_boxes,
          lemuel_old_faithful
D:2:      layout_basic, minmay_hedge_maze, minmay_joined_circles

Action                   || total
-------------------------++-------
Melee: Dagger            ||    28
       Club              ||     2
Evoke: Wand              ||     2
Armor: Leather armour    ||     9
Dodge: Dodged            ||    13
